Map: Hard Lead LE

Players

demzi - Winner!

  • Race: Zerg Zerg
  • League: Platinum
  • Spawn Location: 5:00

FlowerABC

  • Race: Terran Terran
  • League: Diamond
  • Spawn Location: 11:00

VOD

Have the link to the VOD?

Description

Time

  • Played on: March 24, 2024, 11:33 a.m.
  • Length: 1:46
Show
View Real Time Build Order
Export as new Build Order

demzi Zerg - Winner!

Build Orders: Hatch First 

Get SALT Encoding   

  12  0:00  Drone  
  13  0:12  Overlord  
  13  0:16  Drone  
  14  0:31  Drone x2  
  16  0:49  Hatchery  
  15  0:53  Drone  
  16  0:57  Drone  
  16  1:00  Drone  
  18  1:11  Extractor  
  17  1:17  Spawning Pool  
  16  1:20  Drone  
  16  1:24  Drone  
Show
View Real Time Build Order
Export as new Build Order

FlowerABC Terran 

Build Orders:  

Get SALT Encoding   

  12  0:01  SCV  
  13  0:13  SCV  
  14  0:18  Supply Depot  
  14  0:25  SCV  
  15  0:39  SCV  
  16  0:45  Barracks  
  16  0:49  Refinery  
  16  0:51  SCV  
  17  1:04  SCV  
  18  1:17  SCV  
Tags
 
Matchup
TvZ
Replay Pack
Multiplayer
Spawn Locations
Cross Positions
Add a new tag
Caveats
  • Supply blocks, unpowered buildings, or Contaminate may cause inaccurate times.
  • Supply counts are checked every 10 seconds.